 Dungeon Crawl Stone Soup version 0.24.0-1-gfbc8707122 (webtiles) character file.

Game seed: 9764165089538752002, levelgen mode: deterministic

18 Aviak the Insei (level 2, 0/27 HPs)
             Began as an Octopode Transmuter on Oct 26, 2019.
             Slain by a jackal (2 damage)
             ... on level 1 of the Dungeon.
             The game lasted 00:01:49 (828 turns).

Aviak the Insei (Octopode Transmuter)                Turns: 828, Time: 00:01:49

Health: 0/27       AC: 21    Str:  9    XL:     2   Next: 66%
Magic:  5/5        EV:  2    Int: 15    God:
Gold:   21         SH:  0    Dex: 12    Spells: 4/5 levels left

rFire    + . .     SeeInvis .     - Unarmed
rCold    + . .     Gourm    .   (no shield)
rNeg     + + +     Faith    .   (helmet currently unavailable)
rPois    +         Spirit   .   (no amulet)
rElec    +         Reflect  .   (no ring)
rCorr    +         Harm     .   (no ring)
MR       .....     NoTele   +   (no ring)
Stlth    +.........             (no ring)
HPRegen  0.09/turn              (no ring)
MPRegen  0.09/turn              (no ring)
                                (no ring)
                                (no ring)

@: tree-form, resistant
A: almost no armour, stealthy swim, (amphibious), 8 rings, (constrict 8)
a: no special abilities


You were on level 1 of the Dungeon.
You were not hungry.
You were a tree.
You visited 1 branch of the dungeon, and saw 2 of its levels.

You collected 21 gold pieces.

Inventory:

Missiles
 a - 35 arrows
Scrolls
 d - 3 scrolls of remove curse {unknown}
 g - a scroll of identify {unknown}
 h - a scroll of amnesia {unknown}
Potions
 f - 2 potions of curing {unknown}
Comestibles
 c - a ration


   Skills:
 + Level 1.3 Fighting
 + Level 2.2 Dodging
 + Level 3.2 Unarmed Combat
 + Level 2.2 Spellcasting
 + Level 2.2 Transmutations


You had 4 spell levels left.
You knew the following spells:

 Your Spells              Type           Power        Failure   Level  Hunger
a - Beastly Appendage     Tmut           #.....       9%          1    #......

Your spell library contained the following spells:

 Spells                   Type           Power        Failure   Level  Hunger
 Sticks to Snakes         Tmut           #.......     13%         2    ###....
 Spider Form              Tmut/Pois      #.........   38%         3    ###....
 Ice Form                 Ice/Tmut       #.......     80%         4    #####..
 Blade Hands              Tmut           #.........   94%         5    ######.


Dungeon Overview and Level Annotations

Branches:
Dungeon (2/15)

Altars:


Innate Abilities, Weirdness & Mutations

You cannot wear most types of armour.
You are very stealthy in the water. (Stealth+)
((You are amphibious.))
You can wear up to eight rings at the same time.
((You can use your tentacles to constrict eight enemies at once.))
((Your skin changes colour to match your surroundings (Stealth+).))
((Your rubbery body absorbs attacks. (AC +1, EV +1)))


Message History

You hear an angry hiss.
The kobold throws a stone.
The stone completely misses you.
The stone hits the howler monkey.
The howler monkey barely misses you. The leopard gecko barely misses you.
The jackal barely misses you. x2
The bat closely misses you.
You climb upwards.
There is a stone staircase leading down here.
Okay, then.
It was a potion of resistance.
You feel protected. The bat hits you. The bat hits you but does no damage.
The jackal barely misses you. The jackal bites you.
* * * LOW HITPOINT WARNING * * *
The howler monkey closely misses you. The leopard gecko bites you.
* * * LOW HITPOINT WARNING * * *
Unknown command.
It was a potion of lignification.
You turn into a tree.
Your roots penetrate the ground.
The bat hits you but does no damage. The jackal bites you.
You die...

##...# #...# #...# #...#
#...####### #.........#
#.........############
##.............h.l....#
............###h♣...#.#
............#...bh#.#.#
..............#.#.#.#.#
...).......####.#.#.#.##
....#####.........#....#
....###############....#
..........# #........#
..........# #.###.#..#
##........# #.# #.####


You could see a howler monkey, a leopard gecko, 2 jackals and a bat.

Vanquished Creatures
  A dart slug (D:1)
  A leopard gecko (D:1)
  2 bats (D:1)
  A goblin (D:1)
  3 hobgoblins (D:1)
  3 kobolds (D:1)
  A frilled lizard (D:1)
  2 rats (D:1)
14 creatures vanquished.

Notes
Turn   | Place    | Note
-------+----------+-------------------------------------------
     0 | D:1      | Aviak the Octopode Transmuter began the quest for the Orb.
     0 | D:1      | Reached XP level 1. HP: 13/13 MP: 3/3
    74 | D:1      | Reached XP level 2. HP: 5/18 MP: 3/5
   816 | D:2      | Noticed a howler monkey
   828 | D:1      | Slain by a jackal

Levels and vault maps discovered:
D:1:      lemuel_arrival_rhombus, layout_basic
D:2:      layout_rooms

Action                   || total
-------------------------++-------
Melee: Unarmed           ||    37
       Constrict         ||    10
       Tentacles         ||     6
       Kick              ||     3
 Cast: Beastly Appendage ||     4
  Use: Potion            ||     2
 Stab: Sleeping          ||     1
Armor: Skin              ||     6
Dodge: Dodged            ||    48
